 Dungeon Crawl Stone Soup version 0.21.1-1-g345015f (webtiles) character file.

520 diana the Slasher (level 7, -13/51 HPs)
             Began as a Demonspawn Gladiator on June 4, 2018.
             Was an Initiate of Dithmenos.
             Killed from afar by olivier's ghost (15 damage)
             ... with a flame tongue
             ... on level 4 of the Dungeon.
             The game lasted 00:05:55 (3195 turns).

diana the Slasher (Demonspawn Gladiator)            Turns: 3195, Time: 00:05:55

Health: -13/51     AC:  8    Str: 14    XL:     7   Next: 1%
Magic:  7/7        EV: 16    Int: 14    God:    Dithmenos [......]
Gold:   145        SH:  0    Dex: 19    Spells: 6/6 levels left

rFire    . . .     SeeInvis .   a - +0 long sword
rCold    . . .     Gourm    .   (no shield)
rNeg     . . .     Faith    .   b - +0 leather armour
rPois    .         Spirit   .   (helmet restricted)
rElec    .         Reflect  .   (no cloak)
rCorr    .         Harm     .   q - +4 pair of gloves "Riaw" {MR+ Dex+2}
MR       +....                  (no boots)
Stlth    +++.......             (no amulet)
HPRegen  0.17/turn              (no ring)
MPRegen  0.10/turn              (no ring)

@: brilliant, lethally poisoned (-13 -> -26), very slightly contaminated,
invisible
A: horns 2, repulsion field 1, nightstalker 1
a: Renounce Religion


You were on level 4 of the Dungeon.
You worshipped Dithmenos.
Dithmenos was noncommittal.
You were hungry.

You visited 1 branch of the dungeon, and saw 4 of its levels.

You collected 145 gold pieces.

Inventory:

Hand Weapons
 a - a +0 long sword (weapon)
Missiles
 d - 3 throwing nets (quivered)
Armour
 b - a +0 leather armour (worn)
 c - a +0 helmet
 q - the +4 pair of gloves "Riaw" (worn) {MR+ Dex+2}
   (You found it on level 4 of the Dungeon)

   It affects your dexterity (+2).
   It affects your resistance to hostile enchantments.
Wands
 l - a wand of enslavement (8)
Scrolls
 e - 3 scrolls of identify {unknown}
 g - a scroll of immolation {unknown}
 h - 2 scrolls of teleportation {unknown}
 n - a scroll of enchant armour {unknown}
 p - 2 scrolls of enchant weapon {unknown}
Comestibles
 f - 6 rations


   Skills:
 + Level 2.7 Fighting
 * Level 5.8 Long Blades
 - Level 1.7 Throwing
 - Level 1.6 Armour
 + Level 3.6 Dodging
 + Level 2.2 Stealth


You had 6 spell levels left.
You didn't know any spells.

Dungeon Overview and Level Annotations

Branches:
Dungeon (4/15)             Temple (0/1) D:4

Altars:
Dithmenos

Annotations:
D:4 olivier's ghost, amateur DrFE


Innate Abilities, Weirdness & Mutations

You have a pair of horns on your head.
You are surrounded by a mild repulsion field. (EV +2)
You are slightly more attuned to the shadows.


Message History

You fade into invisibility!
You feel less invigorated.
You feel less confused.
You feel sick. Olivier's ghost misses you.
You are very lightly contaminated with residual magic.
It was a potion of magic.
Magic courses through your body.
Olivier's ghost gestures at you while chanting.
The flame tongue hits you!
* * * LOW HITPOINT WARNING * * *
It was a potion of brilliance.
You feel clever all of a sudden.
* * * LOW HITPOINT WARNING * * *
You feel sick.
Olivier's ghost hits you but does no damage.
You are more poisoned.
* * * LOW HITPOINT WARNING * * *
You feel sick. Olivier's ghost casts a spell at you. The flame tongue hits you!
You die...

#.## #...##.........##..#
...#####..................#
.........##..##.....##..###......
###########.###..#..###..# ......
.# #....##..###..##..##...... .#
#.##.....###......†#...>>. .#
#.#####...#..##....#...... .#
#.#..........#####.#....). ##
#.......#@#.## #<...#
########...#.#.#.#... ####.#
...............#W##### #
#########...####.#...
.....................
...........#..#.....#
....................########
##.####..######.#...........
##.#.##.......#.#.....†.....


You could see olivier's ghost.

Vanquished Creatures
  Sigmund (D:2)
  A centaur (D:3)
  An ogre (D:3)
  3 worker ants
  4 adders
  An ooze (D:3)
  2 dart slugs
  The ghost of glosham the Ruffian, a weakling VSTm (D:3)
  2 leopard geckos
  An orc (D:3)
  19 bats
  2 giant cockroaches
  8 goblins
  3 hobgoblins
  3 jackals (D:1)
  A quokka (D:3)
  3 ball pythons
  6 frilled lizards
  7 kobolds
  7 rats
76 creatures vanquished.

Notes
Turn   | Place    | Note
-------+----------+-------------------------------------------
     0 | D:1      | diana the Demonspawn Gladiator began the quest for the Orb.
     0 | D:1      | Reached XP level 1. HP: 16/16 MP: 1/1
   147 | D:1      | Gained mutation: You are slightly more attuned to the shadows. [demonic ancestry]
   147 | D:1      | Reached XP level 2. HP: 17/22 MP: 2/2
   213 | D:1      | Reached skill level 3 in Long Blades
   663 | D:1      | Gained mutation: You have a pair of small horns on your head. [demonic ancestry]
   663 | D:1      | Reached XP level 3. HP: 27/27 MP: 3/3
   917 | D:2      | Noticed Sigmund
  1156 | D:3      | Reached XP level 4. HP: 16/33 MP: 4/4
  1474 | D:3      | Noticed an ogre
  1513 | D:3      | Noticed a centaur
  1519 | D:3      | Killed a centaur
  1519 | D:3      | Reached skill level 4 in Long Blades
  1519 | D:3      | Gained mutation: You are surrounded by a mild repulsion field. (EV +2) [demonic ancestry]
  1519 | D:3      | Reached XP level 5. HP: 33/39 MP: 5/5
  1537 | D:3      | Noticed glosham's ghost (weakling VSTm)
  1539 | D:3      | Reached skill level 1 in Armour
  1548 | D:3      | Killed glosham's ghost
  1771 | D:3      | Reached skill level 1 in Stealth
  2066 | D:3      | Killed an ogre
  2066 | D:3      | Reached skill level 5 in Long Blades
  2066 | D:3      | Reached XP level 6. HP: 46/46 MP: 6/6
  2101 | D:2      | Killed Sigmund
  2911 | D:4      | Found a shadowy altar of Dithmenos.
  2995 | D:4      | Became a worshipper of Dithmenos the Shadowed
  3035 | D:4      | Gained mutation: You have a pair of horns on your head. [demonic ancestry]
  3035 | D:4      | Reached XP level 7. HP: 51/51 MP: 7/7
  3049 | D:4      | Got a pair of twisted gloves
  3055 | D:4      | Identified the +4 pair of gloves "Riaw" {MR+ Dex+2} (You found it on level 4 of the Dungeon)
  3131 | D:4      | Found a staircase to the Ecumenical Temple.
  3173 | D:4      | Noticed olivier's ghost (amateur DrFE)
  3195 | D:4      | HP: 2/51 [poisoned by olivier's ghost]
  3195 | D:4      | Killed from afar by olivier's ghost

Skill      XL: |  1  2  3  4  5  6 |
---------------+-------------------+-----
Dodging        | 3 |  3.6
Long Blades    | 3 4 5 |  5.8
Armour         | 1 |  1.6
Stealth        | 1 2 |  2.2
Fighting       | |  2.7
Throwing       | |  1.7

Action                   |  1- 3 |  4- 6 |  7- 9 || total
-------------------------+-------+-------+-------++-------
Melee: Long sword        |    98 |    94 |    15 ||   207
       Headbutt          |     6 |    18 |     4 ||    28
  Use: Potion            |     1 |       |     5 ||     6
 Stab: Sleeping          |     4 |    17 |     1 ||    22
       Distracted        |       |     1 |       ||     1
  Eat: Chunk             |       |     6 |     1 ||     7
Armor: Leather armour    |    37 |    20 |     5 ||    62
Dodge: Dodged            |    98 |    81 |    10 ||   189
       Rpst.: Long sword |    30 |    25 |       ||    55
